 Dungeon Crawl Stone Soup version 0.25-a0-697-g890751e (webtiles) character file.

Game seed: 2234169042041438541, levelgen mode: deterministic

31181 Darch the Fighter (level 13, -4/184 HPs)
             Began as a Minotaur Berserker on Mar 28, 2020.
             Was an Elder of Trog.
             Slain by Kirke (10 damage)
             ... on level 5 of the Lair of Beasts on Mar 31, 2020.
             The game lasted 01:26:56 (18165 turns).

Darch the Fighter (Minotaur Berserker)             Turns: 18165, Time: 01:26:59

Health: -4/184     AC:  0    Str: 22    XL:     13   Next: 24%
Magic:  12/12      EV: 24    Int:  4    God:    Trog [****..]
Gold:   754        SH:  0    Dex: 15    Spells: 12/12 levels left

rFire    . . .     SeeInvis .   (weapon currently unavailable)
rCold    . . .     Gourm    .   (shield currently unavailable)
rNeg     . . .     Faith    +   (armour currently unavailable)
rPois    .         Spirit   .   (helmet currently unavailable)
rElec    .         Reflect  .   (cloak currently unavailable)
rCorr    .         Harm     .   (gloves currently unavailable)
MR       ++...                  (boots currently unavailable)
Stlth    ..........             w - amulet of faith
HPRegen  1.40/turn              (ring currently unavailable)
MPRegen  0.13/turn              (ring currently unavailable)

@: berserking, pig-form, regenerating, very quick
A: small, (retaliatory headbutt)
a: Berserk, Trog's Hand, Brothers in Arms, Renounce Religion


You were on level 5 of the Lair of Beasts.
You worshipped Trog.
Trog was greatly pleased with you.
You were near starving.
You were a filthy swine.
You visited 2 branches of the dungeon, and saw 18 of its levels.
You also visited: Sewer.

You collected 858 gold pieces.
You spent 104 gold pieces at shops.

Inventory:

Hand Weapons
 u - a +0 executioner's axe of flaming (melded)
 F - a +3 hand axe of freezing
Armour
 h - a scarf of resistance (melded)
 t - a +0 plate armour (melded)
Jewellery
 g - an uncursed ring of resist corrosion
 j - a +4 ring of strength (melded)
 k - an uncursed amulet of the acrobat
 l - a +2 ring of dexterity (melded)
 m - an uncursed ring of protection from cold
 w - an amulet of faith (around neck)
 I - an uncursed ring of fire {unknown}
Wands
 a - a wand of paralysis (7)
 b - a wand of scattershot (4)
 v - a wand of acid (15)
 C - a wand of enslavement (12)
 H - a wand of polymorph (9)
 M - a wand of flame (15)
Scrolls
 d - 4 scrolls of fear
 i - 3 scrolls of enchant armour
 p - 11 scrolls of teleportation
 q - a scroll of enchant weapon
 r - a scroll of blinking
 y - 7 scrolls of remove curse
 B - 3 scrolls of magic mapping
 E - a scroll of silence {unknown}
 G - a scroll of identify
 K - a scroll of fog
Potions
 e - 9 potions of curing
 f - 2 potions of might
 n - 10 potions of heal wounds
 o - 2 potions of mutation
 s - a potion of flight
 x - 2 potions of magic
 z - 2 potions of haste
 A - a potion of stabbing
 D - a potion of cancellation {unknown}
 J - a potion of brilliance {unknown}
Comestibles
 c - 9 rations


   Skills:
 + Level 13.6 Fighting
 + Level 13.6 Axes
 * Level 13.4 Armour
 * Level 12.5 Dodging
 - Level 0.5 Stealth


You had 12 spell levels left.
You didn't know any spells.
Your spell library was empty.

Dungeon Overview and Level Annotations

Branches:
Dungeon (12/15)            Temple (0/1) D:4            Lair (6/6) D:11
  Swamp (0/4) Lair:3        Snake (0/4) Lair:4        Slime (0/5) Lair:5
    Orc (0/2) D:10          Sewer (visited)

Altars:
Ashenzari
Cheibriados
Dithmenos
Kikubaaqudgha
Makhleb
Nemelex Xobeh
Okawaru
Trog
Uskayaw
Vehumet
Wu Jian
The Shining One
Jiyva

Shops:
D:7 ?   D:11 *(%(

Annotations:
D:4 exclusion: oklob sapling
D:6 5 runed translucent doors
Lair:5 Kirke


Innate Abilities, Weirdness & Mutations

((You reflexively headbutt those who attack you in melee.))
((You have a pair of horns on your head.))


Message History

The yak closely misses you. Kirke hits you!
* * * LOW HITPOINT WARNING * * *
You barely miss Kirke.
Kirke is lightly wounded.
The hog completely misses you. The yak gores you.
* * * LOW HITPOINT WARNING * * *
The hog bites you!
* * * LOW HITPOINT WARNING * * *
The hog bites you!
* * * LOW HITPOINT WARNING * * *
You are too berserk!
You are too berserk!
You bite the hog!
The hog is heavily wounded.
The harpy misses you. The harpy closely misses you. The yak closely misses you.
The hog completely misses you. The yak gores you!
* * * LOW HITPOINT WARNING * * *
Kirke whispers, "Not even holy moly will save you."
Kirke hits you!
You die...

.# ##.###....###..#...... .#
##### #....#.....####....... ##
##...# ##.#....#####......... .#
#....# ##.......####......... ##
###...# #.......#.##....<.....
####....#####........#.......|...
.##P................#.###........
#..............Hh@....##.........
##........#...Hhhh....###......>.
P.....##.###.#.YYY.....##........
....###### #####......##.##......
P.#.# ##.....P####..#P#. #####
#......PP.####### # ##...#....(##
#.#####.....## ### #P.....###
##........###


You could see Kirke, 3 yaks, 2 harpies and 3 hogs.

Vanquished Creatures
  5 hydras
  A necromancer (Lair:5)
  An ugly thing (D:11)
  2 black mambas
  12 elephants (Lair:4)
  2 spiny frogs (Lair:1)
  A guardian serpent (Lair:4)
  4 komodo dragons
  2 rime drakes
  2 trolls
  A hornet (D:11)
  2 polar bears
  8 hippogriffs
  4 blink frogs (Lair:5)
  Sigmund (D:3)
  A hog (Lair:5)
  3 wraiths
  Eustachio (D:5)
  30 yaks
  A basilisk (Lair:2)
  2 wyverns (Lair:5)
  A steam dragon (D:9)
  Grum (D:9)
  3 wargs (D:10)
  3 swamp worms (Lair:3)
  16 porcupines
  5 water moccasins
  A black bear (Lair:2)
  2 phantoms
  2 orc warriors
  4 ice beasts
  A sky beast (D:11)
  An eye of draining (D:11)
  7 necrophages
  2 ogres
  9 wolves
  4 centaurs
  8 crocodiles
  17 bullfrogs
  6 big kobolds
  Blork the orc (D:6)
  A water moccasin zombie (D:5)
  4 scorpions
  2 water moccasin skeletons
  4 killer bees (D:10)
  An electric eel (Lair:3)
  5 wights (D:6)
  2 howler monkeys
  3 crimson imps
  A centaur zombie (D:11)
  5 hounds
  3 jellies
  Crazy Yiuf (D:2)
  An orc priest (D:8)
  4 bullfrog skeletons
  Jessica (D:2)
  An iguana (D:5)
  Ijyb (D:4)
  4 orc wizards
  6 yak simulacra (Lair:5)
  8 worker ants
  2 polar bear simulacra (Lair:5)
  3 wolf simulacra (Lair:5)
  A hound zombie (D:7)
  Robin (D:2)
  3 gnolls (D:3)
  2 howler monkey skeletons
  10 adders
  A river rat (D:3)
  A hound simulacrum (D:10)
  3 shadow imps
  A white imp (D:10)
  An adder zombie (D:9)
  An adder skeleton (D:5)
  5 worms
  3 dart slugs
  5 leopard geckos
  32 orcs
  A ball python (Sewer)
  9 giant cockroaches
  15 goblins
  11 hobgoblins
  4 quokkas
  6 bats
  7 frilled lizards
  36 kobolds
  A quokka skeleton (D:4)
  A quokka zombie (D:6)
  9 rats
  4 fungi
417 creatures vanquished.

Vanquished Creatures (collateral kills)
  Pikel (D:9)
  A manticore (D:11)
  A hippogriff (D:9)
  2 slaves (D:9)
  A crimson imp (D:11)
  3 orc priests (D:8)
9 creatures vanquished.

Vanquished Creatures (others)
  10 plants
10 creatures vanquished.

Grand Total: 436 creatures vanquished

Notes
Turn   | Place    | Note
-------+----------+-------------------------------------------
     0 | D:1      | Darch the Minotaur Berserker began the quest for the Orb.
     0 | D:1      | Reached XP level 1. HP: 19/19 MP: 0/0
   138 | D:1      | HP: 1/20 [poisoned by a kobold]
   439 | D:1      | Reached XP level 2. HP: 26/27 MP: 1/1
  1069 | D:2      | Reached XP level 3. HP: 30/33 MP: 2/2
  1126 | D:2      | Reached ** piety under Trog
  1506 | D:2      | Reached XP level 4. HP: 38/41 MP: 3/3
  1660 | D:2      | Noticed Jessica
  1663 | D:2      | Killed Jessica
  1796 | D:2      | Found a runed translucent door.
  1797 | D:2      | Noticed Crazy Yiuf
  1803 | D:2      | Killed Crazy Yiuf
  1803 | D:2      | Reached skill level 5 in Fighting
  1803 | D:2      | Reached XP level 5. HP: 34/48 MP: 4/4
  2128 | D:3      | Noticed Robin
  2133 | D:3      | Reached skill level 5 in Axes
  2190 | D:2      | Killed Robin
  2435 | D:3      | Found a glowing drain.
  2439 | Sewer    | Entered a sewer
  2473 | Sewer    | Reached *** piety under Trog
  2623 | Sewer    | Reached XP level 6. HP: 56/56 MP: 5/5
  2912 | D:3      | Found a burning altar of Makhleb.
  2913 | D:3      | Found a radiant altar of Vehumet.
  2951 | D:3      | Noticed Sigmund
  2961 | D:3      | Killed Sigmund
  2961 | D:3      | Reached XP level 7. HP: 64/64 MP: 6/6
  3363 | D:3      | Found a sparkling altar of Nemelex Xobeh.
  3557 | D:3      | Upgraded the game from 0.25-a0-668-gea548f1 to
                  | 0.25-a0-690-g234afa5
  3558 | D:4      | Noticed Ijyb
  3566 | D:4      | Killed Ijyb
  3686 | D:4      | Reached **** piety under Trog
  4133 | D:4      | Found a staircase to the Ecumenical Temple,
  4346 | D:4      | Reached XP level 8. HP: 55/73 MP: 7/7
  4652 | D:5      | Entered Level 5 of the Dungeon
  4669 | D:5      | Reached skill level 5 in Armour
  4753 | D:5      | Found a glowing golden altar of the Shining One,
  4785 | D:5      | Noticed Eustachio
  4807 | D:5      | Killed Eustachio
  4866 | D:5      | Reached skill level 5 in Dodging
  5570 | D:6      | Found a runed translucent door,
  5573 | D:6      | Found a runed translucent gate,
  5574 | D:6      | Found a runed translucent gate,
  5593 | D:6      | Found a runed translucent gate,
  5601 | D:6      | Found a runed translucent door,
  5609 | D:6      | Found the +9 staff of Olgreb {rPois∞}
  5718 | D:6      | Noticed Blork the orc
  5741 | D:6      | Killed Blork the orc
  5866 | D:6      | Found an ornate altar of the Wu Jian Council,
  6185 | D:6      | Reached XP level 9. HP: 82/83 MP: 8/8
  6617 | D:7      | Found an ancient bone altar of Kikubaaqudgha,
  6704 | D:7      | Found Wunus's Magic Scroll Emporium,
  6711 | D:7      | Bought a scroll of remove curse for 48 gold pieces
  6762 | D:7      | Found an iron altar of Okawaru,
  6795 | D:7      | Found a bloodstained altar of Trog,
  7280 | D:8      | Found a shadowy altar of Dithmenos,
  8024 | D:8      | Noticed a +0 dagger
  8024 | D:8      | Noticed a +0 hand axe
  8025 | D:8      | Found a hide-covered altar of Uskayaw,
  8042 | D:8      | Reached ***** piety under Trog
  8042 | D:8      | Received a gift from Trog
  8442 | D:9      | Noticed Pikel
  8458 | D:9      | Killed Pikel
  8458 | D:9      | Reached skill level 10 in Fighting
  8458 | D:9      | Reached skill level 10 in Axes
  8686 | D:9      | Noticed a troll
  8690 | D:9      | Killed a troll
  8743 | D:9      | Found a snail-covered altar of Cheibriados,
  8743 | D:9      | Found a shattered altar of Ashenzari,
  8786 | D:9      | Noticed Grum
  8794 | D:9      | Reached XP level 10. HP: 92/94 MP: 9/9
  8799 | D:9      | Killed Grum
  9415 | D:10     | Entered Level 10 of the Dungeon
  9550 | D:10     | Received a gift from Trog
  9980 | D:10     | Found a staircase to the Orcish Mines,
 10683 | D:11     | Found Naatouwi's Weapon Boutique,
 10696 | D:11     | Found a staircase to the Lair,
 11072 | D:11     | Found Macyhew's Food Boutique,
 11075 | D:11     | Noticed a manticore
 11080 | D:11     | Killed a manticore
 11090 | D:11     | Found Poupt's General Store,
 11128 | D:11     | Bought a scroll of identify for 28 gold pieces
 11128 | D:11     | Bought a scroll of identify for 28 gold pieces
 11149 | D:11     | Reached XP level 11. HP: 77/104 MP: 0/10
 11258 | D:11     | Found Inej's Antique Weapon Shop,
 11527 | D:11     | Noticed a cyan ugly thing
 11534 | D:11     | Killed a cyan ugly thing
 11644 | Lair:1   | Entered Level 1 of the Lair of Beasts
 11647 | D:11     | Upgraded the game from 0.25-a0-690-g234afa5 to
                  | 0.25-a0-697-g890751e
 11652 | Lair:1   | Received a gift from Trog
 12067 | Lair:1   | Reached skill level 10 in Armour
 12983 | Lair:2   | Reached skill level 10 in Dodging
 13404 | Lair:2   | Noticed a six-headed hydra
 13413 | Lair:2   | Killed a four-headed hydra
 13413 | Lair:2   | Reached XP level 12. HP: 48/113 MP: 11/11
 13712 | Lair:2   | Noticed an eight-headed hydra
 13717 | Lair:2   | Killed a five-headed hydra
 14425 | Lair:3   | Noticed an eight-headed hydra
 14432 | Lair:3   | Killed a five-headed hydra
 14851 | Lair:3   | Noticed a five-headed hydra
 14857 | Lair:3   | Killed a two-headed hydra
 15160 | Lair:3   | Found a staircase to the Swamp,
 16290 | Lair:4   | Found a staircase to the Snake Pit,
 16735 | Lair:5   | Reached XP level 13. HP: 112/122 MP: 12/12
 16966 | Lair:5   | Found a viscous altar of Jiyva,
 16966 | Lair:5   | Found a staircase to the Slime Pits,
 18119 | Lair:6   | Entered Level 6 of the Lair of Beasts
 18121 | Lair:6   | Noticed Kirke
 18165 | Lair:5   | HP: 6/184 [yak (9)]
 18165 | Lair:5   | Slain by Kirke

Levels and vault maps discovered:
D:1:      dpeg_chamrin_arrival_tetris, layout_loops_ring
D:2:      layout_loops_ring, uniq_crazy_yiuf_cottage, uniq_jessica
D:3:      layout_rooms, grunt_temple_overflow_lords_of_destruction,
          lemuel_round_altar, gup_sewer_entry_bowl, patterned_corridor,
          uniq_robin, uniq_sigmund
D:4:      cheibrodos_thug_alley, layout_basic, minmay_temple_entry_oklob,
          first_ration, uniq_ijyb
D:5:      layout_basic, nicolae_tso_carved_into_rock, sigmund_army,
          uniq_eustachio
D:6:      layout_cave_pods, marbit_many_paths, st_stairs_8,
          minmay_guarded_unrand_staff_of_olgreb, uniq_blork_the_orc
D:7:      layout_basic, okawaru_gym_becter, lemuel_round_altar, serial_shops,
          shop, trog_book
D:8:      layout_loops_ring, dancing_weapons_uskayaw,
          nicolae_dithmenos_the_darkroom
D:9:      minmay_curly_fans, layout_basic, gammafunk_temple_overflow_wave,
          uniq_pikel, uniq_grum
D:10:     layout_long_grid, minmay_orc_entry_guard_dogs, serial_ice,
          serial_ice_c, serial_ice_o, serial_ice_n, serial_ice_g
D:11:     layout_basic, lair_entry_dummy, serial_shops, nicolae_shop_waterfront,
          nicolae_shop_stone, shop, shop_fountains, gauntlet_entry_generic
D:12:     cheibrodos_statue_roulette, layout_small_grid,
          hangedman_pestilent_swarm, uniq_azrael
Lair:1:   layout_cave_pods, grunt_megastairs_4
Lair:2:   layout_gridlike, chequers_serial_rivers_room_a, roderic_carrion_pond
Lair:3:   layout_roguey, nicolae_swamp_entry_splash_gauntlet, minmay_hedge_maze,
          serial_bayou_crossing
Lair:4:   layout_roguey, minmay_snake_entry_spellcaster
Lair:5:   layout_cave_pods, slime_altar_1, eino_house_with_fridge
Lair:6:   hangedman_lair_caniforms_friends, layout_cave_pods,
          hangedman_lair_in_review, uniq_kirke

Skill      XL: |  1  2  3  4  5  6  7  8  9 10 11 12 |
---------------+-------------------------------------+-----
Fighting       | 4 5 6 7 9 10 11 12 13 | 13.6
Axes           | 4 5 6 7 9 10 11 12 13 | 13.6
Armour         | 3 4 6 7 8 11 13 | 13.4
Dodging        | 3 4 5 6 8 10 12 | 12.5
Stealth        | |  0.5

Action                   |  1- 3 |  4- 6 |  7- 9 | 10-12 | 13-15 || total
-------------------------+-------+-------+-------+-------+-------++-------
Melee: Hand axe          |    69 |    98 |   317 |       |       ||   484
       Headbutt          |     8 |    24 |    73 |   131 |    17 ||   253
       Broad axe         |       |       |    28 |   223 |       ||   251
       Executioner's axe |       |       |       |   234 |    72 ||   306
       Unarmed           |       |       |       |       |     3 ||     3
Invok: Berserk           |       |     2 |     2 |       |     1 ||     5
       Trog's Hand       |       |     1 |     1 |     1 |     1 ||     4
       Brothers in Arms  |       |       |     2 |     1 |       ||     3
  Use: Scroll            |       |     6 |     6 |    12 |       ||    24
       Potion            |       |     1 |       |       |       ||     1
  Eat: Chunk             |     2 |     6 |    12 |    22 |     5 ||    47
       Ration            |       |       |     3 |     1 |       ||     4
Armor: Ring mail         |    16 |    15 |       |       |       ||    31
       Animal skin       |     1 |       |       |       |       ||     1
       Chain mail        |       |    14 |    31 |       |       ||    45
       Plate armour      |       |       |   129 |   267 |    32 ||   428
Dodge: Dodged            |    37 |    48 |   146 |   351 |    84 ||   666

Table legend:
 A = Non-vault XP
 B = Vault XP
 C = Vault XP percentage of total XP
 D = Non-vault monster count
 E = Vault monster count
 F = Vault count percentage of total count
                 A         B        C        D         E       F
            +---------+---------+-------+---------+---------+-------
      Total |   38426 |    6119 |  13.7 |     321 |      99 |  23.6
            +---------+---------+-------+---------+---------+-------
        D:1 |      20 |       0 |   0.0 |      13 |       0 |   0.0
        D:2 |     116 |     100 |  46.3 |      24 |       7 |  22.6
        D:3 |      91 |     310 |  77.3 |      22 |      12 |  35.3
        D:4 |     322 |     245 |  43.2 |      14 |      11 |  44.0
        D:5 |     709 |     215 |  23.3 |      14 |       4 |  22.2
        D:6 |     698 |      92 |  11.6 |      19 |       2 |   9.5
        D:7 |      87 |       0 |   0.0 |       2 |       0 |   0.0
        D:8 |     639 |       0 |   0.0 |      21 |       0 |   0.0
        D:9 |    2617 |    1141 |  30.4 |      24 |       7 |  22.6
       D:10 |    1365 |     642 |  32.0 |      28 |       6 |  17.6
       D:11 |    3492 |       0 |   0.0 |      31 |       0 |   0.0
     Lair:1 |    4626 |     240 |   4.9 |      23 |       2 |   8.0
     Lair:2 |    4740 |     736 |  13.4 |      18 |       6 |  25.0
     Lair:3 |    3901 |     541 |  12.2 |      12 |       4 |  25.0
     Lair:4 |    9434 |     427 |   4.3 |      31 |       1 |   3.1
     Lair:5 |    5569 |    1200 |  17.7 |      25 |      13 |  34.2
      Sewer |       0 |     230 | 100.0 |       0 |      24 | 100.0
            +---------+---------+-------+---------+---------+-------
